 Dungeon Crawl Stone Soup version 0.29.1-1-gd02db6906a (webtiles) character file.

Game seed: 7180871462438368824

300 jimonade the Slicer (level 6, -8/35 HPs)
             Began as a Kobold Brigand on Sept 18, 2022.
             Was an Initiate of Wu Jian.
             Mangled by an ogre
             ... wielding a +0 giant club
              (10 damage)
             ... on level 4 of the Dungeon.
             The game lasted 00:08:08 (5027 turns).

jimonade the Slicer (Kobold Brigand)                Turns: 5027, Time: 00:08:09

Health: -8/35      AC:  6    Str:  9    XL:     6   Next: 64%
Magic:  6/6        EV: 14    Int: 12    God:    Wu Jian [......]
Gold:   149        SH:  0    Dex: 18    Spells: 5/5 levels left

rFire   . . .      SeeInvis .   a - +3 dagger
rCold   . . .      Faith    .   (no shield)
rNeg    . . .      Spirit   .   u - +0 robe
rPois   .          Reflect  .   g - +2 helmet
rElec   .          Harm     .   c - +0 cloak
rCorr   .          Rampage  .   (no gloves)
Will    .....                   (no boots)
Stlth   ++++......              (no amulet)
HPRegen 0.11/turn               (no ring)
MPRegen 0.10/turn               (no ring)

@: no status effects
A: small, no large weapons, nightstalker 3
a: Renounce Religion


You were on level 4 of the Dungeon.
You worshipped Wu Jian.
Wu Jian was noncommittal.
You visited 1 branch of the dungeon, and saw 4 of its levels.

You collected 149 gold pieces.

Inventory:

Hand Weapons
 a - a +3 dagger (weapon)
 b - a +2 short sword of holy wrath
 n - a +1 short sword of distortion
Missiles
 d - 3 poisoned darts (quivered)
 e - 3 curare-tipped darts
 v - 5 boomerangs
Armour
 c - a +0 cloak (worn)
 g - a +2 helmet (worn)
 p - a +0 leather armour
 u - a +0 robe (worn)
 w - a +0 buckler
Jewellery
 f - a ring of fire
 r - a ring of fire
 s - a +6 ring of strength
 y - a ring of willpower
Wands
 D - a wand of charming (4)
 H - a wand of polymorph (9)
Scrolls
 i - a scroll of blinking
 k - 4 scrolls of identify
 t - 2 scrolls of teleportation
Potions
 h - 2 potions of invisibility {unknown}
 j - 2 potions of magic
 l - 4 potions of brilliance {unknown}
 o - a potion of curing {unknown}
 q - a potion of berserk rage {unknown}
 x - 4 potions of heal wounds {unknown}
 z - 2 potions of resistance {unknown}
 A - a potion of haste {unknown}
 C - a potion of degeneration {unknown}
 G - a potion of ambrosia {unknown}
 I - a potion of lignification {unknown}


   Skills:
 - Level 2.1 Fighting
 + Level 8.6 Short Blades
 - Level 2.1 Throwing
 - Level 1.2 Dodging
 - Level 5.3 Stealth


You had 5 spell levels left.
You didn't know any spells.
Your spell library contained the following spells:

 Spells                   Type           Power      Damage    Failure   Level
 Gell's Gravitas          Tloc           0%         N/A       69%         3
 Lesser Beckoning         Tloc           0%         N/A       69%         3
 Teleport Other           Tloc           0%         N/A       69%         3
 Fireball                 Conj/Fire      0%         3d3       100%        5
 Iskenderun's Battlesphe  Conj           0%         2d6       100%        5
 Conjure Ball Lightning   Conj/Air       0%         3x3d6     100%        6
 Orb of Destruction       Conj           0%         9d5       100%        7


Dungeon Overview and Level Annotations

Branches:
Dungeon (4/15)
 Temple: D:4-7

Altars:
Wu Jian


Innate Abilities, Weirdness & Mutations

You are small and have problems with some larger weapons.
You are completely attuned to the shadows.


Message History

You see here a +0 ring mail.
An ogre comes into view. It is wielding a +0 giant club.
An adder comes into view.
Found a falchion.
The ogre shouts!
The adder hisses angrily.
You hit the ogre.
The ogre is lightly wounded.
The ogre hits you but does no damage.
Throw: 7 darts (poison)
Press: ? - help, Q - select action, (/) - cycle Shift-Dir - straight line, f - ogre
Aim: an ogre, wielding a +0 giant club (lightly wounded, 77% to hit)
You throw a poisoned dart.
The poisoned dart completely misses the ogre.
Throw: 6 darts (poison)
Press: ? - help, Q - select action, (/) - cycle Shift-Dir - straight line, f/p - ogre
Aim: an ogre, wielding a +0 giant club (lightly wounded, 77% to hit)
You throw a poisoned dart. The poisoned dart hits the ogre.
The ogre is poisoned.
The ogre is lightly wounded.
The ogre hits you with a +0 giant club!!
Ouch! That really hurt!
Throw: 5 darts (poison)
Press: ? - help, Q - select action, (/) - cycle Shift-Dir - straight line, f/p - ogre
Aim: an ogre, wielding a +0 giant club (lightly wounded, poisoned, 77% to hit)
You throw a poisoned dart. The poisoned dart hits the ogre.
The ogre looks even sicker.
The ogre is lightly wounded.
Throw: 4 darts (poison)
Press: ? - help, Q - select action, (/) - cycle Shift-Dir - straight line, f/p - ogre
Aim: an ogre, wielding a +0 giant club (lightly wounded, very poisoned, 77% to hit)
You throw a poisoned dart. The poisoned dart hits the ogre.
The ogre is lightly wounded.
The ogre hits you with a +0 giant club!
* * * LOW HITPOINT WARNING * * *
You hit the ogre.
The ogre is moderately wounded.
You hit the ogre.
The ogre is heavily wounded.
The ogre hits you with a +0 giant club!
You die...

#>....#
#..####....
#.....#
##.## .
#.....#
#..#
#.....#
#.##
#.....#
##.# #.
#######
#.[# ...
#.## #.#
#.###..#
##.SO@.#
#...#####
#...S.....
#..........
...........
..........
##..)....


You could see an ogre (very poisoned) and an adder.

Vanquished Creatures
  A scorpion (D:4)
  A hound (D:3)
  Jessica (D:3)
  6 gnolls (D:3)
  5 adders
  2 worms (D:3)
  4 orcs
  6 ball pythons
  5 endoplasms
  4 giant cockroaches
  12 hobgoblins
  7 kobolds
  2 quokkas
  6 bats
  A frilled lizard (D:3)
  6 goblins
  8 rats
77 creatures vanquished.

Notes
Turn   | Place    | Note
-------+----------+-------------------------------------------
     0 | D:1      | jimonade the Kobold Brigand began the quest for the Orb.
     0 | D:1      | Reached XP level 1. HP: 12/12 MP: 1/1
    27 | D:1      | Reached skill level 3 in Short Blades
    41 | D:1      | Found a faded altar of an unknown god.
    65 | D:1      | Reached XP level 2. HP: 17/17 MP: 2/2
   208 | D:1      | Reached skill level 4 in Short Blades
   581 | D:1      | Reached XP level 3. HP: 21/21 MP: 3/3
  1172 | D:2      | Reached skill level 5 in Short Blades
  1221 | D:2      | Reached XP level 4. HP: 26/26 MP: 4/4
  1502 | D:2      | Found an ornate altar of the Wu Jian Council.
  1654 | D:2      | Became a worshipper of the Wu Jian Council
  2192 | D:3      | Reached skill level 6 in Short Blades
  2400 | D:3      | Reached XP level 5. HP: 15/30 MP: 5/5
  2914 | D:3      | Reached skill level 7 in Short Blades
  2917 | D:3      | HP: 1/30 [gnoll/+0 spear (3)]
  4259 | D:3      | Noticed Jessica
  4265 | D:3      | Killed Jessica
  4266 | D:3      | Reached XP level 6. HP: 24/35 MP: 6/6
  4540 | D:3      | Reached skill level 8 in Short Blades
  5014 | D:4      | Noticed an ogre
  5027 | D:4      | Mangled by an ogre

Illustrated notes

Levels and vault maps discovered:
D:1:      scummos_arrival_simple_fountains, layout_basic,
          ebering_ecumenical_altar_mist
D:2:      layout_basic, basic_altar
D:3:      layout_basic, minmay_vboxes, uniq_jessica
D:4:      layout_rooms

Skill      XL: |  1  2  3  4  5  6 |
---------------+-------------------+-----
Short Blades   | 3 4 5 6 7 8 |  8.6
Fighting       | |  2.1
Throwing       | |  2.1
Dodging        | |  1.2
Stealth        | |  5.3

Action                   |  1- 3 |  4- 6 || total
-------------------------+-------+-------++-------
Melee: Dagger            |    50 |   143 ||   193
       Punch             |     1 |     1 ||     2
Throw: Dart              |       |    27 ||    27
Invok: Lunge             |       |    21 ||    21
  Use: Scroll            |       |     8 ||     8
 Stab: Sleeping          |    20 |    17 ||    37
       Distracted        |       |     1 ||     1
Armor: Robe              |     9 |    17 ||    26
Dodge: Dodged            |    25 |    57 ||    82
